 Dungeon Crawl Stone Soup version 0.28.0-47-ge53b351184 (webtiles) character file.

Game seed: 14622814338807812224

944 GigaChad the Carver (level 7, 0/61 HPs)
             Began as a Minotaur Berserker on May 6, 2022.
             Was a Priest of Trog.
             Slain by a gnoll
             ... wielding a +0 spear
              (2 damage)
             ... on level 6 of the Dungeon.
             The game lasted 00:13:04 (5090 turns).

GigaChad the Carver (Minotaur Berserker)            Turns: 5090, Time: 00:13:05

Health: 0/61       AC: 12    Str: 22    XL:     7   Next: 88%
Magic:  6/6        EV:  7    Int:  4    God:    Trog [***...]
Gold:   323        SH:  0    Dex: 11    Spells: 6/6 levels left

rFire   . . .      SeeInvis .   a - +1 falchion
rCold   . . .      Faith    .   (no shield)
rNeg    . . .      Spirit   .   i - +0 plate armour
rPois   .          Reflect  .   (helmet restricted)
rElec   .          Harm     .   (no cloak)
rCorr   .          Rampage  .   (no gloves)
Will    .....                   (no boots)
Stlth   ..........              (no amulet)
HPRegen 0.20/turn               (no ring)
MPRegen 0.10/turn               (no ring)

@: no status effects
A: horns 2, retaliatory headbutt
a: Renounce Religion, Berserk, Trog's Hand


You were on level 6 of the Dungeon.
You worshipped Trog.
Trog was most pleased with you.
You visited 1 branch of the dungeon, and saw 6 of its levels.

You collected 323 gold pieces.

Inventory:

Hand Weapons
 a - a +1 falchion (weapon)
 e - a +0 dagger
 h - a +0 scythe
Missiles
 m - 4 silver javelins (quivered)
Armour
 b - a +0 animal skin
 c - a +0 scale mail
 i - a +0 plate armour (worn)
 u - a +0 chain mail
Magical Staves
 n - a staff of cold
Jewellery
 t - a ring of ice
Wands
 s - a wand of mindburst (19)
Scrolls
 o - a scroll of identify {unknown}
Potions
 d - a potion of resistance {unknown}
 f - 2 potions of attraction {unknown}
 g - a potion of berserk rage {unknown}
 j - a potion of cancellation {unknown}
 k - a potion of curing {unknown}
 l - a potion of heal wounds {unknown}
 p - a potion of haste {unknown}
 q - a potion of might {unknown}
 r - a potion of invisibility {unknown}


   Skills:
 + Level 5.6 Fighting
 + Level 8.4 Long Blades
 + Level 6.1 Armour
 + Level 3.3 Dodging
 + Level 0.6 Stealth


You had 6 spell levels left.
You didn't know any spells.
Your spell library was empty.

Dungeon Overview and Level Annotations

Branches:
Dungeon (6/15)             Temple (0/1) D:4

Altars:
Kikubaaqudgha
Xom


Innate Abilities, Weirdness & Mutations

You have a pair of horns on your head.
You reflexively headbutt those who attack you in melee.


Message History

* * * LOW HITPOINT WARNING * * *
The gnoll hits you but does no damage. x2
The water moccasin skeleton bites you.
* * * LOW HITPOINT WARNING * * *
The gnoll hits you from afar with a +0 spear.
* * * LOW HITPOINT WARNING * * *
You closely miss the gnoll.
The gnoll is moderately wounded.
The gnoll hits you from afar with a +0 spear.
* * * LOW HITPOINT WARNING * * *
The gnoll closely misses you. You furiously retaliate!
You headbutt the gnoll, but do no damage.
The gnoll hits you but does no damage.
You hit the gnoll.
The gnoll is moderately wounded.
The gnoll hits you but does no damage.
You barely miss the gnoll.
The gnoll is moderately wounded.
The gnoll barely misses you.
You closely miss the gnoll.
The gnoll is moderately wounded.
The gnoll hits you but does no damage. The gnoll barely misses you.
The gnoll hits you but does no damage.
The gnoll hits you from afar with a +0 spear.
* * * LOW HITPOINT WARNING * * *
The gnoll closely misses you. The gnoll barely misses you.
The gnoll closely misses you.
You closely miss the gnoll. You headbutt the gnoll!
The gnoll is almost dead.
The gnoll closely misses you. The gnoll hits you but does no damage.
You slash the gnoll!
You kill the gnoll!
Trog accepts your kill. The gnoll hits you but does no damage.
The gnoll hits you with a +0 spear.
* * * LOW HITPOINT WARNING * * *
Things that are here:
a +0 flail; a gnoll corpse The gnoll hits you with a +0 spear.
You die...

###### ######## ..... ###
#....... .... ..# #.###### #
#.. #.# #.# #.###..##.# #.#
........#.############.######
$........ZZg@...............#
#.####.>#.##)...........###.#
#.........##...##########
######..######.# #<)# #.#
#... ... ...## ..## #.#$#
#### #.#.#


You could see a gnoll, a bullfrog zombie and a water moccasin skeleton.

Vanquished Creatures
  Grinder (D:4)
  Sigmund (D:2)
  3 phantoms
  An orc priest (D:5)
  3 jellies
  A gnoll shaman (D:6)
  2 orc wizards (D:5)
  A hound skeleton (D:4)
  3 gnolls (D:6)
  3 adders
  A shadow imp (D:5)
  A white imp (D:5)
  An adder skeleton (D:4)
  2 dart slugs (D:1)
  7 orcs (D:5)
  3 ball pythons
  11 endoplasms
  3 giant cockroaches
  3 goblins
  7 hobgoblins
  4 quokkas
  4 bats (D:2)
  4 frilled lizards
  10 kobolds
  5 rats
85 creatures vanquished.

Vanquished Creatures (others)
  5 fungi (D:2)
  7 toadstools (D:2)
  2 withered plants (D:5)
14 creatures vanquished.

Grand Total: 99 creatures vanquished

Notes
Turn   | Place    | Note
-------+----------+-------------------------------------------
     0 | D:1      | GigaChad the Minotaur Berserker began the quest for the
                  | Orb.
     0 | D:1      | Reached XP level 1. HP: 19/19 MP: 0/0
   465 | D:1      | Reached skill level 4 in Long Blades
   467 | D:1      | Reached XP level 2. HP: 20/27 MP: 1/1
  1066 | D:2      | Reached XP level 3. HP: 28/33 MP: 2/2
  1187 | D:2      | Reached ** piety under Trog
  1323 | D:2      | Noticed Sigmund
  1340 | D:2      | Killed Sigmund
  1341 | D:2      | Reached skill level 5 in Long Blades
  1341 | D:2      | Reached XP level 4. HP: 28/41 MP: 3/3
  1341 | D:2      | Reached XP level 5. HP: 32/47 MP: 4/4
  2010 | D:2      | Reached skill level 6 in Long Blades
  2023 | D:2      | Reached XP level 6. HP: 40/55 MP: 5/5
  2336 | D:3      | You fall into a shaft and drop 2 floors!
  2336 | D:5      | Entered Level 5 of the Dungeon
  2358 | D:5      | Found an ancient bone altar of Kikubaaqudgha.
  2400 | D:5      | Found a shimmering altar of Xom.
  2726 | D:5      | Reached skill level 5 in Fighting
  3124 | D:5      | Reached skill level 7 in Long Blades
  3246 | D:5      | Reached XP level 7. HP: 6/61 MP: 6/6
  3949 | D:4      | Reached skill level 5 in Armour
  4170 | D:4      | Found a staircase to the Ecumenical Temple.
  4176 | D:4      | Noticed Grinder
  4190 | D:4      | Killed Grinder
  4191 | D:4      | Reached skill level 8 in Long Blades
  4383 | D:4      | Reached *** piety under Trog
  5084 | D:6      | HP: 3/61 [gnoll/+0 spear (2)]
  5089 | D:6      | HP: 1/61 [gnoll/+0 spear (3)]
  5090 | D:6      | Slain by a gnoll

Illustrated notes

Levels and vault maps discovered:
D:1:      dpeg_arrival_radiant, layout_loops_corners
D:2:      cheibrodos_fertilizer, layout_basic, mrwooster_statue_mirror,
          uniq_sigmund
D:3:      layout_basic, bloody_makhleb,
          nicolae_dithmenos_through_a_glass_darkly, serial_glass,
          glass_columns_a, glass_columns_a, item_on_display_a,
          minmay_randomly_rotated_circles
D:4:      layout_basic, minmay_temple_entry_sparse_star, minivault_25,
          uniq_grinder
D:5:      layout_cave_pods, mainiacjoe_overflow_alcove_2,
          kiku_gazebo_garden_becter
D:6:      layout_loops_ring

Skill      XL: |  1  2  3  4  5  6  7 |
---------------+----------------------+-----
Long Blades    | 4 5 6 7 8 |  8.4
Fighting       | 4 5 |  5.6
Armour         | 3 4 6 |  6.1
Dodging        | 3 |  3.3
Stealth        | |  0.6

Action                   |  1- 3 |  4- 6 |  7- 9 || total
-------------------------+-------+-------+-------++-------
Melee: Falchion          |    74 |    97 |    53 ||   224
       Headbutt          |    12 |    24 |    12 ||    48
       Punch             |       |     1 |       ||     1
  Use: Scroll            |       |     1 |     6 ||     7
Armor: Scale mail        |    34 |       |       ||    34
       Plate armour      |       |    81 |    40 ||   121
Dodge: Dodged            |    55 |    44 |    24 ||   123
